 Dungeon Crawl Stone Soup version 0.30-a0-50-gb2d611f6b1 (webtiles) character file.

Game seed: 14311127270917585937

84 Rhaen the Trooper (level 4, 0/37 HPs)
             Began as a Palentonga Fighter on June 23, 2021.
             Was a Follower of Trog.
             Slain by an orc
             ... wielding a +0 club
              (5 damage)
             ... on level 3 of the Dungeon on Feb 17, 2024.
             The game lasted 00:05:51 (2180 turns).

Rhaen the Trooper (Palentonga Fighter)              Turns: 2180, Time: 00:05:51

Health: 0/37       AC:  6    Str: 19    XL:     4   Next: 23%
Magic:  4/4        EV:  6    Int:  9    God:    Trog [*.....]
Gold:   160        SH:  8    Dex: 10    Spells: 3/3 levels left

rFire   . . .      SeeInvis +    a - +0 long sword
rCold   . . .      Faith    .    c - +0 kite shield
rNeg    . . .      Spirit   .    b - +0 scale mail
rPois   .          Reflect  .    (no helmet)
rElec   .          Harm     .    (no cloak)
rCorr   .          Rampage  .    (no gloves)
Will    .....                    (no barding)
Stlth   ..........               (no amulet)
HPRegen 0.12/turn                (no ring)
MPRegen 0.09/turn                (no ring)

@: no status effects
A: large, rugged brown scales 3, see invisible, deformed body, roll 1, armoured
tail
a: Rolling Charge, Renounce Religion, Berserk


You were on level 3 of the Dungeon.
You worshipped Trog.
Trog was aware of your devotion.
You visited 1 branch of the dungeon, and saw 3 of its levels.

You collected 160 gold pieces.

Inventory:

Hand Weapons
 a - a +0 long sword (weapon)
Missiles
 j - a throwing net
Armour
 b - a +0 scale mail (worn)
 c - a +0 kite shield (worn)
Jewellery
 k - an amulet of faith
Scrolls
 i - 3 scrolls of identify {unknown}
 l - a scroll of enchant weapon {unknown}
Potions
 d - a potion of might
 e - a potion of curing {unknown}
 f - a potion of berserk rage {unknown}
 g - a potion of invisibility {unknown}
 h - 2 potions of mutation {unknown}


   Skills:
 + Level 3.5 Fighting
 + Level 2.8 Long Blades
 + Level 3.0 Armour
 + Level 0.4 Dodging
 + Level 3.2 Shields


You had 3 spell levels left.
You didn't know any spells.
Your spell library was empty.

Dungeon Overview and Level Annotations

Branches:
Dungeon (3/15)

Altars:
Trog


Innate Abilities, Weirdness & Mutations

You are completely covered in rugged brown scales. (AC +3, +7% HP)
You have supernaturally acute eyesight. (SInv)
Armour fits poorly on your strangely shaped body.
You can roll at nearby foes to attack.
You have a long armoured tail.


Message History

You block the hobgoblin's attack. The orc hits you but does no damage.
The hobgoblin hits you with a +0 mace. The orc hits you but does no damage.
The hobgoblin barely misses you. You block the orc's attack.
You block the hobgoblin's attack. The orc hits you with a +0 club.
The hobgoblin barely misses you. The orc hits you with a +0 club.
You block the hobgoblin's attack. The orc barely misses you.
The hobgoblin closely misses you. You block the orc's attack.
You block the hobgoblin's attack. The orc hits you but does no damage.
The hobgoblin barely misses you. The orc hits you with a +0 club.
The hobgoblin closely misses you. The orc hits you but does no damage.
You block the hobgoblin's attack. The orc hits you with a +0 club.
You block the hobgoblin's attack. The orc barely misses you.
The hobgoblin hits you with a +0 mace. The orc hits you but does no damage.
You block the hobgoblin's attack. The orc hits you but does no damage.
The hobgoblin hits you but does no damage.
The orc hits you but does no damage. The hobgoblin hits you with a +0 mace.
The orc hits you but does no damage.
The hobgoblin hits you but does no damage.
You block the orc's attack. You block the hobgoblin's attack.
You block the orc's attack.
The hobgoblin hits you but does no damage.
You block the orc's attack. The hobgoblin barely misses you.
The orc hits you but does no damage. You block the hobgoblin's attack.
The orc hits you but does no damage. You block the hobgoblin's attack.
The orc hits you with a +0 club.
* * * LOW HITPOINT WARNING * * *
The hobgoblin hits you with a +0 mace.
* * * LOW HITPOINT WARNING * * *
You block the orc's attack. The hobgoblin hits you with a +0 mace.
* * * LOW HITPOINT WARNING * * *
You block the orc's attack.
The hobgoblin hits you but does no damage.
You block the orc's attack. You block the hobgoblin's attack.
The orc hits you with a +0 club.
* * * LOW HITPOINT WARNING * * *
You block the hobgoblin's attack. The orc hits you but does no damage.
There are monsters nearby!
You block the hobgoblin's attack. The orc hits you with a +0 club.
You die...

#.## #... .# ...
##.# #.. ...#
#.. #..# # #..
#..###.#
#..#####......#.
#....g.o...#....
##....@.......#
#######.##.###
#.# #.# ######.#
#......#
#.###### #.#
.######.#


You could see an orc and a hobgoblin.

Vanquished Creatures
  3 adders (D:2)
  2 dart slugs (D:1)
  2 ball pythons (D:1)
  5 endoplasms
  5 giant cockroaches
  6 goblins
  2 hobgoblins (D:1)
  7 jackals (D:1)
  3 kobolds
  2 quokkas
  3 bats (D:1)
  A frilled lizard (D:1)
  4 rats
45 creatures vanquished.

Notes
Turn   | Place    | Note
-------+----------+-------------------------------------------
     0 | D:1      | Rhaen the Palentonga Fighter began the quest for the Orb.
     0 | D:1      | Reached XP level 1. HP: 19/19 MP: 1/1
   397 | D:1      | Reached XP level 2. HP: 25/25 MP: 2/2
   875 | D:1      | Reached XP level 3. HP: 31/31 MP: 3/3
  1540 | D:2      | Reached XP level 4. HP: 35/37 MP: 4/4
  1684 | D:2      | Found a faded altar of an unknown god.
  1686 | D:2      | Became a worshipper of Trog the Wrathful
  1686 | D:2      | Reached * piety under Trog
  1977 | D:2      | Upgraded the game from 0.27-a0-1324-ge0d8e047f6 to
                  | 0.30-a0-50-gb2d611f6b1
  2180 | D:3      | Slain by an orc

Illustrated notes

Levels and vault maps discovered:
D:1:      lightli_arrival_statue_moat, layout_loops_corners, patterned_corridor
D:2:      layout_loops_ring, chequers_ecumenical_altar_twisty
D:3:      layout_loops_ring, hangedman_decor_opposing,
          nicolae_concentric_dashed_squares_wild, uniq_terence,
          uniq_crazy_yiuf_cottage

Skill      XL: |  1  2  3  4 |
---------------+-------------+-----
Armour         | 3 |  3.0
Shields        | 3 |  3.2
Fighting       | |  3.5
Long Blades    | |  2.8
Dodging        | |  0.4

Action                   |  1- 3 |  4- 6 || total
-------------------------+-------+-------++-------
Melee: Long sword        |   101 |     8 ||   109
       Tailslap          |     9 |     1 ||    10
 Abil: Rolling Charge    |     2 |     1 ||     3
Armor: Scale mail        |    69 |    21 ||    90
Dodge: Dodged            |    19 |    13 ||    32
Block: Kite shield       |    45 |    30 ||    75
       Rpst.: Long sword |     5 |     1 ||     6

Table legend: (Time is in decaauts)
 A = Elapsed time spent in this place.
 B = Non-inter-level travel time spent in this place.
 C = Inter-level travel time spent in this place.
 D = Time resting spent in this place.
 E = Time spent auto-exploring this place.
 F = Levels seen in this place.
 G = Mean time per level.
                   A        B        C        D        E       F      G
               +--------+--------+--------+--------+--------+-----+--------+
         Total |   2233 |   2131 |    102 |      0 |   1789 |   3 |  744.3 |
       Dungeon |   2233 |   2131 |    102 |      0 |   1789 |   3 |  744.3 |
               +--------+--------+--------+--------+--------+-----+--------+

Top non-repeatable levels by time:
     D:1: 1250 daAuts
     D:2: 854 daAuts
     D:3: 129 daAuts
